 Dungeon Crawl Stone Soup version 0.27-a0-512-g57cc695410 (webtiles) character file.

Game seed: 5145430311652105517

4 dickylongcocking the Skirmisher (level 1, 17/17 HPs)
             Began as a Merfolk Wanderer on Mar 4, 2021.
             Quit the game on level 1 of the Dungeon.
             The game lasted 00:00:27 (267 turns).

dickylongcocking the Skirmisher (Merfolk Wanderer)   Turns: 267, Time: 00:00:28

Health: 17/17      AC:  2    Str: 12    XL:     1   Next: 60%
Magic:  1/1        EV: 12    Int: 12    God:
Gold:   25         SH:  0    Dex: 12    Spells: 0/0 levels left

rFire    . . .     SeeInvis .   a - +2 hand crossbow
rCold    . . .     Faith    .   (no shield)
rNeg     . . .     Spirit   .   e - +0 robe
rPois    .         Reflect  .   (no helmet)
rElec    .         Harm     .   (no cloak)
rCorr    .         Rampage  .   (no gloves)
Will     .....                  (no boots)
Stlth    ++........             (no amulet)
HPRegen  0.05/turn              (no ring)
MPRegen  0.07/turn              (no ring)

@: no status effects
A: change form in water, swift swim, stealthy swim
a: no special abilities


You were on level 1 of the Dungeon.
You visited 1 branch of the dungeon, and saw 1 of its levels.

You collected 25 gold pieces.

Inventory:

Hand Weapons
 a - a +2 hand crossbow (weapon)
Missiles
 b - 53 bolts (quivered ammo)
Armour
 e - a +0 robe (worn)
Scrolls
 c - a scroll of teleportation
 f - a scroll of noise {unknown}
Potions
 d - a potion of curing


   Skills:
 * Level 2.6 Fighting
 - Level 2.4 Crossbows
 - Level 1.3 Dodging
 - Level 1.1 Stealth
 - Level 1.0 Shields
 - Level 1.1 Unarmed Combat
 - Level 1.0 Evocations


You couldn't memorise any spells.
You didn't know any spells.
Your spell library was empty.

Dungeon Overview and Level Annotations

Branches:
Dungeon (1/15)

Altars:


Message History

You shoot a bolt.
The bolt barely misses the giant cockroach.
Unknown command.
Fire: 52 bolts
Press: ? - help, Q - select action Shift-Dir - straight line, f/p - giant cockroach
Aim: a giant cockroach (moderately wounded, 65% to hit)
You shoot a bolt.
The bolt hits the giant cockroach but does no damage.
The giant cockroach is moderately wounded.
Fire: 51 bolts
Press: ? - help, Q - select action Shift-Dir - straight line, f/p - giant cockroach
Aim: a giant cockroach (moderately wounded, 65% to hit)
You shoot a bolt.
The bolt hits the giant cockroach but does no damage.
The giant cockroach is moderately wounded.
The giant cockroach bites you.
The giant cockroach bites you but does no damage.
Unknown command.
Fire: 50 bolts
Press: ? - help, Q - select action Shift-Dir - straight line, f/p - giant cockroach
Aim: a giant cockroach (moderately wounded, 65% to hit)
You shoot a bolt. The bolt hits the giant cockroach!
You kill the giant cockroach!
Unknown command.
b - 51 bolts (gained 2)
b - 52 bolts (gained 1)
b - 53 bolts (gained 1)
b - 54 bolts (gained 1)
Found a leather armour.
Found 7 stones.
f - a scroll labelled ITSEUR AMUCW A giant cockroach comes into view.
A giant cockroach is nearby!
Fire: 54 bolts
Press: ? - help, Q - select action Shift-Dir - straight line, f - giant cockroach
Aim: a giant cockroach (asleep, 98% to hit)
You shoot a bolt. The bolt hits the giant cockroach.
The giant cockroach is heavily wounded.
Unknown command.
Are you sure you want to abandon this character and quit the game? (Confirm with "yes".)

..................
#.#.............#.##..
.#............##.##.#
..................... #
#...............#...
..#$#..##.#....#.##.....
........+.........#..#
.#..#..#..#...#####.#..#
..B....@......+.........
(?.....#..#...#...#.#..#
.#..##.#..#####...#.#..#
... #....# #...#.#..# .
#.#..# #...#.#..# #.#...
#...#.#..# .......
.......... ##.#...#
######..##. .....#
#..##.


You could see a giant cockroach.

Vanquished Creatures
  A giant cockroach (D:1)
  2 goblins (D:1)
3 creatures vanquished.

Notes
Turn   | Place    | Note
-------+----------+-------------------------------------------
     0 | D:1      | dickylongcocking the Merfolk Wanderer began the quest for
                  | the Orb.
     0 | D:1      | dickylongcocking set off with the following items: a +2
                  | hand crossbow, 32 bolts, a scroll of teleportation, a
                  | potion of curing, a +0 robe
     0 | D:1      | Reached XP level 1. HP: 16/16 MP: 1/1
   267 | D:1      | Quit the game

Illustrated notes

Levels and vault maps discovered:
D:1:      moated_graveyard_arrival, layout_basic, amethyst_killhole,
          lexackson_kobold_supper

Action                   || total
-------------------------++-------
 Fire: Hand crossbow     ||    12
Armor: Robe              ||     1
Dodge: Dodged            ||     1

Table legend: (Time is in decaauts)
 A = Elapsed time spent in this place.
 B = Non-inter-level travel time spent in this place.
 C = Inter-level travel time spent in this place.
 D = Time resting spent in this place.
 E = Time spent auto-exploring this place.
 F = Levels seen in this place.
 G = Mean time per level.
                   A        B        C        D        E       F      G
               +--------+--------+--------+--------+--------+-----+--------+
         Total |    271 |    271 |      0 |      0 |    241 |   1 |  271.0 |
       Dungeon |    271 |    271 |      0 |      0 |    241 |   1 |  271.0 |
               +--------+--------+--------+--------+--------+-----+--------+

Top non-repeatable levels by time:
     D:1: 271 daAuts
